 Dungeon Crawl Stone Soup version 0.30-a0-43-gbbf338a72c (webtiles) character file.

Game seed: 3371318492277612087

78313 Nattfarinn the Earth Mage (level 15, -1/85 HPs)
             Began as a Gargoyle Venom Mage on Aug 31, 2022.
             Was a High Priest of Okawaru.
             Shot with a bolt by a naga sharpshooter (20 damage)
             ... led by Vashnia
             ... on level 3 of the Snake Pit.
             The game lasted 01:26:19 (27434 turns).

Nattfarinn the Earth Mage (Gargoyle Venom Mage)    Turns: 27434, Time: 01:26:20

Health: -1/85      AC: 27    Str: 24    XL:     15   Next: 59%
Magic:  15/29      EV:  9    Int: 25    God:    Okawaru [*****.]
Gold:   1135       SH:  4    Dex: 10    Spells: 7/34 levels left

rFire   + + +      SeeInvis .    b - +12 war axe of the Sky {freeze, rF++}
rCold   . . .      Faith    .    L - +0 buckler
rNeg    + . .      Spirit   .    P - +4 robe "Panowi Mudeu" {+Blink rElec Str+5 Slay-2}
rPois   ∞          Reflect  .    U - +2 helmet {Int+3}
rElec   +          Harm     .    S - +2 cloak
rCorr   .          Rampage  .    (no gloves)
Will    +....                    p - +2 pair of boots
Stlth   ++........               E - amulet of regeneration
HPRegen 1.04/turn                e - +6 ring of strength
MPRegen 0.21/turn                O - ring "Eteaxacap" {Wiz rF+ Slay+2}

@: mighty, about to teleport, finesse-ful, flying, constricted, studying Dodging
A: sickness immunity, AC +11, big wings, negative energy resistance 1,
electricity resistance, torment resistance 1, petrification resistance
a: Renounce Religion, Evoke Blink, Heroism, Finesse, Duel


You were on level 3 of the Snake Pit.
You worshipped Okawaru.
Okawaru was extremely pleased with you.
You visited 3 branches of the dungeon, and saw 19 of its levels.
You also visited: Bailey.

You collected 1335 gold pieces.
You spent 200 gold pieces at shops.

Inventory:

Hand Weapons
 a - a +6 whip of electrocution
 b - the +12 war axe of the Sky (weapon) {freeze, rF++}
   (You found it on level 8 of the Dungeon)

   It freezes those it strikes, dealing additional cold damage.
   It can also slow down cold-blooded creatures.
   rF:        It greatly protects you from fire.
 Z - the +10 dire flail "Meup Kemmo" {protect, Str+2 Dex-3 Stlth+}
   (Okawaru gifted it to you on level 1 of the Lair of Beasts)

   It grants its wielder temporary protection when it strikes (+7 to AC).
   Str:       It affects your strength (+2).
   Dex:       It affects your dexterity (-3).
   Stlth:     It makes you more stealthy.
Missiles
 d - 74 poisoned darts
 C - 4 throwing nets
 Y - 4 silver javelins
Armour
 p - a +2 pair of boots (worn)
 r - a +2 robe of willpower
 L - a +0 buckler (worn)
 P - the +4 robe "Panowi Mudeu" (worn) {+Blink rElec Str+5 Slay-2}
   (Okawaru gifted it to you on level 4 of the Lair of Beasts)

   Str:       It affects your strength (+5).
   Slay:      It affects your accuracy & damage with ranged weapons and melee
   (-2).
   rElec:     It insulates you from electricity.
   +Blink:    It lets you blink.
 S - a +2 cloak (worn)
 U - a +2 helmet of intelligence (worn)
Magical Staves
 Q - a staff of earth
Jewellery
 e - a +6 ring of strength (left hand)
 l - the amulet "Vawakhla" {Faith Dex+5}
   (You found it on level 5 of the Lair of Beasts)

   [amulet of faith]

   It allows you to gain divine favour quickly.
   Dex:       It affects your dexterity (+5).
 z - a +4 ring of evasion
 B - a ring of positive energy
 E - an amulet of regeneration (around neck)
 O - the ring "Eteaxacap" (right hand) {Wiz rF+ Slay+2}
   (You acquired it on level 4 of the Lair of Beasts)

   [ring of wizardry]

   It improves your spell success rate.
   Slay:      It affects your accuracy & damage with ranged weapons and melee
   (+2).
   rF:        It protects you from fire.
 W - a ring of magical power
Wands
 f - a wand of iceblast (17)
 n - a wand of flame (19)
 F - a wand of mindburst (5)
 I - a wand of quicksilver (14)
Scrolls
 j - 4 scrolls of enchant armour
 k - 3 scrolls of fear
 u - 10 scrolls of teleportation
 w - a scroll of silence {unknown}
 A - 4 scrolls of immolation
 H - 3 scrolls of poison
 M - 2 scrolls of brand weapon
 T - a scroll of torment {unknown}
 X - 3 scrolls of amnesia
Potions
 c - 2 potions of cancellation
 g - 4 potions of attraction
 h - 2 potions of invisibility
 i - 6 potions of might
 m - 6 potions of mutation
 o - 2 potions of curing
 s - 2 potions of haste
 v - 2 potions of ambrosia {unknown}
 D - 2 potions of brilliance {unknown}
 G - 2 potions of lignification {unknown}
 J - a potion of resistance {unknown}
 K - a potion of experience {unknown}
 R - 10 potions of magic
 V - 2 potions of flight {unknown}
Miscellaneous
 y - a phantom mirror
 N - a tin of tremorstones (2/2)


   Skills:
 - Level 6.9 Fighting
 - Level 9.9(10.8) Axes
 - Level 7.1(9.9) Maces & Flails
 - Level 5.9 Armour
 + Level 3.9 Dodging
 - Level 2.1 Stealth
 - Level 4.0 Shields
 * Level 10.1 Spellcasting
 - Level 3.2 Conjurations
 - Level 0.7 Transmutations
 - Level 19.1 Earth Magic
 - Level 6.0 Poison Magic
 - Level 9.0 Invocations
 - Level 3.3 Evocations


You had 7 spell levels left.
You knew the following spells:

 Your Spells              Type           Power      Damage    Failure   Level
a - Sting                 Tmut/Pois      100%       1d8       1%          1
b - Poisonous Vapours     Pois/Air       54%        N/A       1%          2
c - Olgreb's Toxic Radia  Pois           42%        N/A       2%          4
d - Ignite Poison         Fire/Tmut/Pois 23%        N/A       3%          3
e - Shatter               Erth           41%        3d32*     65%         9
f - Stone Arrow           Conj/Erth      100%       3d13      1%          3
g - Lee's Rapid Deconstr  Erth           41%        3d21*     1%          5

Your spell library contained the following spells:

 Spells                   Type           Power      Damage    Failure   Level
 Beastly Appendage        Tmut           32%        N/A       1%          1
 Passwall                 Tmut/Erth      48%        N/A       1%          2
 Static Discharge         Conj/Air       40%        3-6/arc   1%          2
 Spider Form              Tmut/Pois      29%        N/A       1%          3
 Leda's Liquefaction      Hex/Erth       28%        N/A       1%          4
 Petrify                  Tmut/Erth      58%        N/A       1%          4
 Wereblood                Tmut           16%        N/A       2%          2
 Mephitic Cloud           Conj/Pois/Air  28%        N/A       2%          3
 Ensorcelled Hibernation  Hex/Ice        24%        N/A       4%          2
 Conjure Flame            Conj/Fire      20%        6-21      4%          3
 Dazzling Flash           Conj/Hex       40%        N/A       4%          3
 Gell's Gravitas          Tloc           12%        N/A       8%          3
 Lesser Beckoning         Tloc           12%        N/A       8%          3
 Swiftness                Air            12%        N/A       8%          3
 Teleport Other           Tloc           12%        N/A       8%          3
 Hailstorm                Conj/Ice       20%        3d6       13%         4
 Sticky Flame             Conj/Fire      20%        2d4       13%         4
 Ice Form                 Ice/Tmut       14%        N/A       21%         4
 Anguish                  Hex/Necr       6%         N/A       24%         4
 Lightning Bolt           Conj/Air       10%        1d23      32%         5
 Agony                    Necr           12%        N/A       52%         5
 Silence                  Hex/Air        6%         N/A       52%         5
 Enfeeble                 Hex            6%         N/A       100%        7
 Lehudib's Crystal Spear  Conj/Erth      31%        10d8      82%         8
 Maxwell's Capacitive Co  Air            6%         ∞         100%        8
 Chain Lightning          Conj/Air       10%        3d13      100%        9
 Fire Storm               Conj/Fire      10%        8d3       100%        9
 Animate Armour           Summ/Erth      Unusable   N/A       N/A         4

Dungeon Overview and Level Annotations

Branches:
Dungeon (11/15)            Temple (0/1) D:6            Lair (5/5) D:10
  Swamp (0/4) Lair:2        Snake (2/4) Lair:2        Slime (0/5) Lair:4
 Bailey (visited)
    Orc: D:9-12

Altars:
Fedhas
Gozag
Hepliaklqana
Kikubaaqudgha
Nemelex Xobeh
Okawaru
Sif Muna
Trog
Vehumet
Xom
Zin
The Shining One
Jiyva

Shops:
D:5 *:   D:7 (   D:10 [

Annotations:
D:3 3 runed translucent doors, Destapler's ghost, amateur TrFi


Innate Abilities, Weirdness & Mutations

You are immune to sickness and miasma.
Your stone body is resilient. (AC +11)
You are immune to poison.
Your large and strong wings let you fly.
You resist negative energy. (rN+)
You are resistant to electric shocks. (rElec)
You are resistant to unholy torment.
You are immune to petrification.


Message History

The naga sharpshooter gestures wildly while chanting.
The naga sharpshooter magically shoots a bolt.
The bolt hits you.
You hear an angry hiss. x4
You are too injured to fight recklessly!
Casting: Stone Arrow (safe; 1% risk of failure)
Confirm with . or Enter, or press ? or * to list all spells.
Aiming: Poisonous Vapours (safe; 1% risk of failure)
Press: ? - help, Dir - move target, f - naga warrior
Aim: a naga warrior, wielding a +0 dire flail The naga warrior cannot be affected by poisonous vapours!
Casting: Poisonous Vapours (safe; 1% risk of failure)
Confirm with . or Enter, or press ? or * to list all spells.
Aiming: Stone Arrow (safe; 1% risk of failure)
Press: ? - help, Shift-Dir - straight line, f/p - naga warrior
Aim: a naga warrior, wielding a +0 dire flail (78% to hit)
The stone arrow misses the naga warrior.
The naga sharpshooter gestures wildly while chanting.
The naga sharpshooter magically shoots a bolt.
The bolt hits you! The naga warrior spits poison at you.
The splash of poison hits you but does no damage.
You resist.
You hear an angry hiss.
As you read the scroll of magic mapping, it crumbles to dust.
You feel aware of your surroundings.
You feel like a meek peon again.
The naga sharpshooter mumbles some strange words.
The naga sharpshooter magically shoots an arrow.
The arrow closely misses you.
As you read the scroll of teleportation, it crumbles to dust.
You feel strangely unstable. The anaconda grabs you. The anaconda bites you.
The anaconda constricts you. The anaconda bites you.
* * * LOW HITPOINT WARNING * * *
The anaconda constricts you.
* * * LOW HITPOINT WARNING * * *
The naga sharpshooter casts a spell.
The naga sharpshooter magically shoots a bolt.
The bolt hits you!!
You die...

***** ***#### *,,,*
###,....# *,,,*
##@#.....# *,,,**
#..S.....#* **,,,*
#.........*****,,,*
#.....N.N.,,,,,,,,,
####..N...,,,,,,,,,
*......******^,,
*##....********,
*....,,,,**,,,
*,..#,,,,**,,,


You could see 3 naga sharpshooters and an anaconda.

Vanquished Creatures
  Vashnia (Arena)
  A nagaraja (Snake:2)
  Aizul (Snake:1)
  6 hydras
  3 boulder beetles
  An anaconda (Snake:1)
  4 catoblepae
  3 two-headed ogres
  2 shock serpents (Snake:1)
  2 naga warriors (Snake:1)
  4 death yaks (Lair:4)
  3 naga sharpshooters (Snake:1)
  Urug (D:10)
  Amaemon (Lair:1)
  Nergalle (D:10)
  A salamander mystic (Snake:2)
  A goliath frog (Lair:5)
  2 sea snakes (Snake:1)
  A naga ritualist (Snake:1)
  A cyclops (D:11)
  5 oklob plants
  3 orc knights (Bailey)
  An ugly thing (D:11)
  2 mana vipers (Snake:1)
  A salamander (Snake:2)
  A manticore (D:11)
  17 black mambas
  Joseph (D:10)
  3 naga magi
  28 cane toads
  An orange demon (Lair:1)
  Psyche (D:10)
  A torpor snail (Lair:1)
  16 komodo dragons
  An unseen horror (D:10)
  6 rime drakes
  3 trolls (D:11)
  3 polar bears
  2 tyrant leeches (Lair:5)
  A hornet (D:5)
  2 slime creatures (Lair:4)
  26 blink frogs
  A vampire (D:11)
  Sigmund (D:2)
  2 wraiths
  A shadow (D:10)
  7 wyverns
  2 basilisks
  Eustachio (D:5)
  39 yaks
  5 steam dragons
  12 vampire mosquitoes
  Menkaure (D:5)
  7 nagas
  A floating eye (D:8)
  An acid dragon (D:10)
  15 water moccasins
  5 black bears
  8 orc warriors
  2 sky beasts
  18 wolves
  3 ogres
  2 centaurs
  A phantom (D:3)
  4 kobold brigands
  18 bullfrogs
  4 scorpions
  Blork the orc (D:6)
  2 gnoll sergeants
  15 wights
  3 killer bees (D:9)
  11 electric eels
  A gnoll bouda (D:6)
  3 jellies
  4 orc priests
  7 hounds
  Crazy Yiuf (D:3)
  5 iguanas
  Jessica (D:2)
  Terence (D:3)
  8 orc wizards
  5 hell rats (Lair:3)
  Robin (D:3)
  19 gnolls
  2 adders
  A shadow imp (D:7)
  An ufetubus (D:5)
  4 worms
  5 dart slugs
  47 orcs
  6 bats
  5 endoplasms
  6 giant cockroaches
  15 goblins
  5 hobgoblins
  3 quokkas
  6 ball pythons
  2 frilled lizards
  28 kobolds
  10 rats
560 creatures vanquished.

Vanquished Creatures (others)
  31 fungi
  125 plants
  4 toadstools (D:9)
160 creatures vanquished.

Grand Total: 720 creatures vanquished

Notes
Turn   | Place    | Note
-------+----------+-------------------------------------------
     0 | D:1      | Nattfarinn the Gargoyle Venom Mage began the quest for the
                  | Orb.
     0 | D:1      | Reached XP level 1. HP: 10/10 MP: 3/3
   613 | D:1      | Reached skill level 1 in Fighting
   613 | D:1      | Reached skill level 1 in Armour
   613 | D:1      | Reached XP level 2. HP: 15/16 MP: 5/5
  1196 | D:1      | Reached skill level 1 in Maces & Flails
  1680 | D:1      | Reached XP level 3. HP: 20/20 MP: 6/6
  2118 | D:2      | Noticed Jessica
  2131 | D:2      | Killed Jessica
  2132 | D:2      | Reached XP level 4. HP: 6/26 MP: 7/7
  2135 | D:2      | Identified the +0 robe of Xasoum {rF+ rC- Str+3}
  2846 | D:2      | Noticed Sigmund
  2871 | D:2      | Killed Sigmund
  2872 | D:2      | Reached XP level 5. HP: 23/32 MP: 1/8
  2872 | D:2      | Reached XP level 6. HP: 27/37 MP: 1/9
  3404 | D:3      | Found a runed translucent gate.
  3404 | D:3      | Found a runed translucent gate.
  3404 | D:3      | Found a runed translucent gate.
  3406 | D:3      | Found an opulent altar of Gozag.
  3410 | D:3      | Noticed Destapler's ghost (amateur TrFi)
  3478 | D:3      | Found an iron altar of Okawaru.
  3481 | D:3      | Noticed Robin
  3490 | D:3      | Noticed Terence
  3505 | D:3      | Killed Robin
  3723 | D:3      | Found a faded altar of an unknown god.
  4121 | D:3      | Found a runed translucent door.
  4122 | D:3      | Noticed Crazy Yiuf
  4307 | D:3      | Killed Terence
  4884 | D:3      | Reached XP level 7. HP: 27/41 MP: 5/10
  5054 | D:3      | Became a worshipper of Warmaster Okawaru
  5382 | D:4      | Learned a level 2 spell: Poisonous Vapours
  5399 | D:4      | Reached skill level 5 in Poison Magic
  5865 | D:4      | Found a sparkling altar of Nemelex Xobeh.
  5980 | D:4      | Found a shimmering altar of Xom.
  6189 | D:4      | Found a glowing silver altar of Zin.
  6615 | D:5      | Entered Level 5 of the Dungeon
  6623 | D:5      | Noticed Eustachio
  6743 | D:5      | Found a hazy altar of Hepliaklqana.
  6768 | D:5      | Reached skill level 1 in Earth Magic
  6880 | D:5      | Reached skill level 1 in Conjurations
  6880 | D:5      | Reached XP level 8. HP: 20/46 MP: 6/11
  6970 | D:5      | Found Lalatz's Book Shop.
  7005 | D:5      | Noticed a hornet
  7019 | D:5      | Killed a hornet
  7019 | D:5      | Reached * piety under Okawaru
  7020 | D:5      | Reached skill level 2 in Earth Magic
  7055 | D:5      | Reached skill level 5 in Maces & Flails
  7055 | D:5      | Reached skill level 3 in Earth Magic
  7512 | D:5      | Killed Eustachio
  7579 | D:5      | Noticed Menkaure
  7598 | D:5      | Killed Menkaure
  7598 | D:5      | Reached ** piety under Okawaru
  7599 | D:5      | Reached skill level 4 in Earth Magic
  7914 | D:5      | Found Xall's Gadget Gallery.
  8176 | D:5      | Reached XP level 9. HP: 52/52 MP: 7/12
  8455 | D:3      | Killed Crazy Yiuf
  8746 | D:6      | Reached skill level 5 in Earth Magic
  9328 | D:6      | Learned a level 4 spell: Olgreb's Toxic Radiance
  9332 | D:6      | Learned a level 3 spell: Ignite Poison
  9540 | D:6      | Reached *** piety under Okawaru
  9660 | D:6      | Noticed Blork the orc
  9679 | D:6      | Killed Blork the orc
  9753 | D:6      | You fall into a shaft and drop 2 floors!
  9980 | D:8      | Reached XP level 10. HP: 58/58 MP: 11/19
 10067 | D:7      | Found a flagged portal.
 10072 | Bailey   | Entered a bailey
 10090 | Bailey   | Reached **** piety under Okawaru
 10343 | Bailey   | Noticed an orc knight
 10349 | Bailey   | Killed an orc knight
 10349 | Bailey   | Noticed an orc knight
 10460 | Bailey   | Noticed an orc knight
 10465 | Bailey   | Killed an orc knight
 10469 | Bailey   | Killed an orc knight
 10469 | Bailey   | Reached ***** piety under Okawaru
 10655 | D:7      | Identified the +3 halberd of Urgency {elec, rC+}
 10770 | D:7      | Found Holloq's Antique Weapon Shoppe.
 10781 | D:7      | Learned a level 9 spell: Shatter
 10926 | D:7      | Reached skill level 5 in Fighting
 11044 | D:7      | Reached skill level 5 in Armour
 11347 | D:7      | Found a glowing golden altar of the Shining One.
 11347 | D:7      | Found a radiant altar of Vehumet.
 11347 | D:7      | Found a blossoming altar of Fedhas.
 11922 | D:6      | Found a staircase to the Ecumenical Temple.
 12231 | D:8      | Found a bloodstained altar of Trog.
 12412 | D:8      | Noticed an oklob plant
 12569 | D:8      | Noticed an oklob plant
 12633 | D:8      | Identified the +12 war axe of the Sky {freeze, rF++}
 12656 | D:8      | Reached XP level 11. HP: 65/65 MP: 16/24
 12699 | D:8      | Paralysed by a floating eye for 3 turns
 12704 | D:8      | Paralysed by a floating eye for 3 turns
 12744 | D:8      | Noticed an oklob plant
 12882 | D:8      | Noticed an oklob plant
 13226 | D:9      | Reached skill level 1 in Axes
 13228 | D:9      | Received a gift from Okawaru
 13463 | D:9      | Found Meleff's Magic Scroll Shop.
 13482 | D:9      | Bought a scroll of identify for 20 gold pieces
 13482 | D:9      | Bought a scroll of identify for 20 gold pieces
 13482 | D:9      | Bought a scroll of identify for 20 gold pieces
 13482 | D:9      | Bought a scroll of teleportation for 30 gold pieces
 13482 | D:9      | Bought a scroll of poison for 40 gold pieces
 13482 | D:9      | Bought a scroll of amnesia for 40 gold pieces
 13482 | D:9      | Bought a scroll of teleportation for 30 gold pieces
 13816 | D:9      | Found a shimmering blue altar of Sif Muna.
 14031 | D:10     | Entered Level 10 of the Dungeon
 14031 | D:10     | Found a staircase to the Lair.
 14058 | D:10     | Reached skill level 5 in Axes
 14419 | D:10     | Noticed a two-headed ogre
 14421 | D:10     | Noticed a two-headed ogre
 14422 | D:10     | Killed a two-headed ogre
 14423 | D:10     | Reached skill level 1 in Shields
 14426 | D:10     | Killed a two-headed ogre
 14517 | D:10     | Noticed Psyche
 14526 | D:10     | Killed Psyche
 14631 | D:10     | Noticed Nergalle
 14637 | D:10     | Killed Nergalle
 14783 | D:10     | Found Cuesaala's Antique Armour Shoppe.
 14968 | D:10     | Noticed Joseph
 14977 | D:10     | Killed Joseph
 14978 | D:10     | Reached XP level 12. HP: 68/71 MP: 4/25
 15099 | D:10     | Noticed Urug
 15108 | D:10     | Killed Urug
 15418 | D:11     | Received a gift from Okawaru
 15915 | D:11     | Noticed a four-headed hydra
 15930 | D:11     | Killed a four-headed hydra
 15964 | D:11     | Noticed a two-headed ogre
 15968 | D:11     | Killed a two-headed ogre
 16192 | D:11     | Found an ancient bone altar of Kikubaaqudgha.
 16225 | D:11     | Noticed a six-headed hydra
 16232 | D:11     | Killed a six-headed hydra
 16494 | Lair:1   | Entered Level 1 of the Lair of Beasts
 16613 | Lair:1   | Reached skill level 1 in Invocations
 16663 | Lair:1   | Reached skill level 1 in Evocations
 16716 | Lair:1   | Noticed a boulder beetle
 16719 | Lair:1   | Killed a boulder beetle
 16785 | Lair:1   | Identified the +10 dire flail "Meup Kemmo" {protect, Str+2
                  | Dex-3 Stlth+} (Okawaru gifted it to you on level 1 of the
                  | Lair of Beasts)
 16785 | Lair:1   | Received a gift from Okawaru
 16976 | Lair:1   | Reached skill level 5 in Invocations
 17047 | Lair:1   | Noticed an eight-headed hydra
 17067 | Lair:1   | Killed an eight-headed hydra
 17401 | Lair:1   | Learned a level 3 spell: Stone Arrow
 17468 | Lair:1   | Noticed an eight-headed hydra
 17485 | Lair:1   | Killed an eight-headed hydra
 17486 | Lair:1   | Reached skill level 6 in Earth Magic
 17486 | Lair:1   | Reached XP level 13. HP: 67/76 MP: 14/26
 17553 | Lair:1   | Noticed Amaemon
 17563 | Lair:1   | Killed Amaemon
 17563 | Lair:1   | Received a gift from Okawaru
 17583 | Lair:1   | Reached skill level 7 in Earth Magic
 18154 | Lair:2   | Reached skill level 8 in Earth Magic
 18363 | Lair:2   | Found a staircase to the Swamp.
 18596 | Lair:2   | Reached skill level 9 in Earth Magic
 18727 | Lair:2   | Identified the -1 pair of gloves of Tomorrow {Fly rN++
                  | Regen+ Str-5}
 18780 | Lair:2   | Found a staircase to the Snake Pit.
 18837 | Lair:2   | You fall into a shaft and drop 2 floors!
 18838 | Lair:4   | Identified 2 scrolls of acquirement
 18839 | Lair:4   | Acquired the ring "Eteaxacap" {Wiz rF+ Slay+2}
 18843 | Lair:4   | Acquired Nattfarinn's Guide on Grit and Rime
 18852 | Lair:4   | Learned a level 5 spell: Lee's Rapid Deconstruction
 18903 | Lair:4   | Found a viscous altar of Jiyva.
 18904 | Lair:4   | Found a staircase to the Slime Pits.
 18950 | Lair:4   | Identified the +4 robe "Panowi Mudeu" {+Blink rElec Str+5
                  | Slay-2} (Okawaru gifted it to you on level 4 of the Lair of
                  | Beasts)
 18950 | Lair:4   | Received a gift from Okawaru
 19012 | Lair:4   | Reached ****** piety under Okawaru
 19022 | Lair:4   | Reached skill level 10 in Earth Magic
 19243 | Lair:3   | Reached skill level 11 in Earth Magic
 19752 | Lair:2   | Reached skill level 12 in Earth Magic
 19845 | Lair:2   | Gained mutation: Your large and strong wings let you fly.
                  | [Gargoyle growth]
 19845 | Lair:2   | Reached XP level 14. HP: 80/80 MP: 27/27
 20618 | Lair:3   | Reached skill level 13 in Earth Magic
 20632 | Lair:3   | Identified the +2 ring mail of the Lost Path {Contam
                  | Rampage Drain Int+9} (Okawaru gifted it to you on level 3
                  | of the Lair of Beasts)
 20632 | Lair:3   | Received a gift from Okawaru
 21449 | Lair:4   | Reached skill level 14 in Earth Magic
 21589 | Lair:4   | Identified the +6 rapier "Coupaxup" {vorpal, rC+}
 22266 | Lair:5   | Entered Level 5 of the Lair of Beasts
 22341 | Lair:5   | Reached skill level 15 in Earth Magic
 22560 | Lair:5   | Reached skill level 16 in Earth Magic
 22671 | Lair:5   | Identified the +1 animal skin of Enlosure {Dex+2} (Okawaru
                  | gifted it to you on level 5 of the Lair of Beasts)
 22671 | Lair:5   | Received a gift from Okawaru
 23007 | Lair:5   | Reached skill level 17 in Earth Magic
 23546 | Lair:5   | Identified the amulet "Vawakhla" {Faith Dex+5}
 23888 | Lair:5   | Reached XP level 15. HP: 85/85 MP: 18/28
 24951 | D:8      | Reached skill level 18 in Earth Magic
 25142 | Snake:1  | Entered Level 1 of the Snake Pit
 25660 | Snake:1  | Received a gift from Okawaru
 25846 | Snake:1  | Reached skill level 19 in Earth Magic
 26145 | Snake:1  | Identified the +1 robe of Vomanu {Rampage rElec rF+ rC+}
 26696 | Snake:1  | HP: 2/85 [naga ritualist/+0 dire flail (13)]
 26992 | Snake:2  | Noticed Aizul
 27019 | Snake:1  | Killed Aizul
 27286 | Snake:2  | Noticed a nagaraja
 27293 | Snake:2  | Killed a nagaraja
 27405 | Snake:2  | You are sucked into a shaft and drop 1 floor!
 27405 | Snake:3  | Noticed Vashnia
 27406 | Arena    | Entered the Arena
 27420 | Arena    | Killed Vashnia
 27421 | Arena    | Reached skill level 10 in Spellcasting
 27434 | Snake:3  | Shot with a bolt by a naga sharpshooter

Illustrated notes

Levels and vault maps discovered:
D:1:      saegor_arrival_simple_b, layout_loops_corners
D:2:      layout_basic, uniq_sigmund, uniq_jessica
D:3:      layout_loops_ring, lemuel_round_altar,
          shapermc_ecumenical_altar_starsandcircs, ebering_ghost_gozag,
          minmay_checkerbox, uniq_terence, uniq_robin, uniq_crazy_yiuf_cottage
D:4:      cheibrodos_old_hovel, layout_cave_pools, mainiacjoe_overflow_alcove_4,
          nicolae_overflow_hidden_temple, nicolae_overflow_crystal_walls,
          minmay_misc_feat_room
D:5:      layout_basic, worldfamousw_hep_ancestral_shrine, serial_shops,
          nicolae_stop_n_shop_1, nicolae_shop_gadgets, uniq_eustachio,
          uniq_menkaure
D:6:      kennysheep_steamy, layout_basic, minmay_temple_entry_poolview,
          kennysheep_path_1, minivault_27, uniq_blork_the_orc
D:7:      layout_basic, gammafunk_temple_overflow_forgotten, enter_bailey_2,
          serial_shops, shop, dreamdust_wishing_well
D:8:      layout_cave_pools, trog_book, disabler_island
D:9:      layout_basic, lemuel_round_altar, serial_shops,
          nicolae_shop_statue_plus, minmay_gold_behind_fungi
D:10:     layout_irregular_city, minmay_lair_entry_grove, serial_shops, shop,
          serial_bayou_pond_c, uniq_joseph, uniq_urug, uniq_psyche,
          uniq_nergalle
D:11:     layout_roguey, kiku_gazebo_pond_becter
Lair:1:   layout_gridlike, nzn_random_ring, serial_bayou_shore_a,
          serial_bayou_shore_b, uniq_amaemon
Lair:2:   layout_hall_layers, minmay_swamp_entry_swarm,
          guppyfry_snake_entry_garden
Lair:3:   layout_cave_pods, serial_bayou_lagoon_a, beast_lair_carwin_7,
          infiniplex_staircase_pool
Lair:4:   layout_big_grid, minmay_slime_entry_pillars, wad_woods_river_01,
          infiniplex_staircase_pool_2, serial_bayou_shore_b
Lair:5:   minmay_lair_end_frog_pond, layout_regular_city, nzn_sisyphean_effort
Snake:1:  layout_rooms, serial_bayou_ford_a, grunt_megastairs_5,
          serial_bayou_shore_b, serial_bayou_shore_b
Snake:2:  layout_chambers, basic_altar, uniq_kirke, uniq_aizul
Snake:3:  layout_misc_corridors, uniq_vashnia

Skill      XL: |  1  2  3  4  5  6  7  8  9 10 11 12 13 14 15 |
---------------+----------------------------------------------+-----
Fighting       | 1 3 4 6 |  6.9
Armour         | 1 2 3 4 5 |  5.9
Maces & Flails | 1 2 3 4 5 6 7 |  7.1
Poison Magic   | 4 6 |  6.0
Earth Magic    | 1 4 5 6 12 17 19 | 19.1
Conjurations   | 1 2 3 |  3.2
Spellcasting   | 6 9 10 | 10.1
Axes           | 7 9 |  9.9
Shields        | 3 4 |  4.0
Invocations    | 6 9 |  9.0
Evocations     | 3 |  3.3
Dodging        | 3 |  3.9
Stealth        | |  2.1
Transmutations | |  0.7

Action                   |  1- 3 |  4- 6 |  7- 9 | 10-12 | 13-15 || total
-------------------------+-------+-------+-------+-------+-------++-------
Melee: Mace              |   104 |    41 |       |       |       ||   145
       Unarmed           |     6 |       |       |       |       ||     6
       Punch             |     1 |       |     5 |     1 |       ||     7
       Whip              |       |    65 |   165 |   146 |    21 ||   397
       War axe           |       |       |       |   115 |   454 ||   569
 Cast: Sting             |     3 |    70 |    50 |    10 |       ||   133
       Poisonous Vapours |       |       |    98 |   123 |   106 ||   327
       Olgreb's Toxic Ra |       |       |     5 |    30 |    34 ||    69
       Ignite Poison     |       |       |     2 |    63 |    39 ||   104
       Stone Arrow       |       |       |       |     3 |   111 ||   114
       Lee's Rapid Decon |       |       |       |       |     4 ||     4
Invok: Heroism           |       |       |       |       |     1 ||     1
       Finesse           |       |       |       |       |     1 ||     1
       Duel              |       |       |       |       |     1 ||     1
  Use: Scroll            |       |     3 |     4 |    13 |    14 ||    34
       Potion            |       |       |       |       |     5 ||     5
 Stab: Sleeping          |       |     1 |       |     1 |     4 ||     6
       Petrified         |       |       |       |       |     7 ||     7
Armor: Chain mail        |    95 |    42 |       |       |       ||   137
       Robe              |       |    39 |    96 |   178 |   294 ||   607
Dodge: Dodged            |    22 |    66 |   124 |   115 |   235 ||   562
Block: Buckler           |       |       |       |    28 |    99 ||   127

Table legend: (Time is in decaauts)
 A = Elapsed time spent in this place.
 B = Non-inter-level travel time spent in this place.
 C = Inter-level travel time spent in this place.
 D = Time resting spent in this place.
 E = Time spent auto-exploring this place.
 F = Levels seen in this place.
 G = Mean time per level.
                   A        B        C        D        E       F      G
               +--------+--------+--------+--------+--------+-----+--------+
         Total |  27476 |  25940 |   1536 |   4491 |  17124 |  21 | 1308.4 |
       Dungeon |  16471 |  15617 |    854 |   2541 |  10595 |  11 | 1497.4 |
          Lair |   8138 |   7588 |    550 |    596 |   5600 |   5 | 1627.6 |
     Snake Pit |   2268 |   2137 |    131 |   1026 |    811 |   3 |  756.0 |
        Bailey |    581 |    581 |      0 |    328 |    118 |   1 |  581.0 |
         Arena |     16 |     16 |      0 |      0 |      0 |   1 |   16.0 |
               +--------+--------+--------+--------+--------+-----+--------+

Top non-repeatable levels by time:
     D:3: 2190 daAuts
     D:1: 1963 daAuts
  Lair:5: 1950 daAuts
 Snake:1: 1875 daAuts
  Lair:1: 1714 daAuts
  Lair:3: 1675 daAuts
     D:8: 1594 daAuts
     D:4: 1547 daAuts
     D:2: 1541 daAuts
     D:5: 1536 daAuts
     D:6: 1496 daAuts
  Lair:2: 1435 daAuts
    D:10: 1397 daAuts
  Lair:4: 1362 daAuts
     D:9: 1095 daAuts
